 Dungeon Crawl Stone Soup version 0.24.0-13-gcf9b319 (webtiles) character file.

Game seed: 177509891811045510, levelgen mode: deterministic

1001 Fang the Skirmisher (level 8, -5/51 HPs)
             Began as a Gargoyle Fighter on Dec 17, 2019.
             Was an Initiate of Trog.
             Slain by an orc warrior
             ... wielding a +0 glaive
              (6 damage)
             ... on level 6 of the Dungeon.
             The game lasted 00:06:10 (3917 turns).

Fang the Skirmisher (Gargoyle Fighter)              Turns: 3917, Time: 00:06:11

Health: -5/51      AC: 15    Str: 21    XL:     8   Next: 20%
Magic:  8/8        EV:  6    Int: 10    God:    Trog [......]
Gold:   284        SH: 10    Dex:  9    Spells: 7/7 levels left

rFire    + . .     SeeInvis .   a - +0 war axe
rCold    . . .     Gourm    .   B - +0 shield
rNeg     + . .     Faith    .   b - +0 chain mail {rF+}
rPois    ∞         Spirit   .   (no helmet)
rElec    +         Reflect  .   k - scarf {cloud immunity}
rCorr    .         Harm     .   (no gloves)
MR       .....                  (no boots)
Stlth    ..........             (no amulet)
HPRegen  0.17/turn              p - ring of flight
MPRegen  0.11/turn              s - ring of attention (curse)

@: no status effects
A: negative energy resistance 1, electricity resistance, unbreathing,
petrification resistance, rot immunity, AC +5
a: Renounce Religion, Evoke Flight


You were on level 6 of the Dungeon.
You worshipped Trog.
Trog was noncommittal.
You were not hungry.

You visited 2 branches of the dungeon, and saw 7 of its levels.

You collected 284 gold pieces.

Inventory:

Hand Weapons
 a - a +0 war axe (weapon)
Armour
 b - a +0 chain mail of fire resistance (worn)
 k - a scarf of cloud immunity (worn)
 B - a +0 shield (worn)
Jewellery
 p - a ring of flight (left hand)
 s - a cursed ring of attention (right hand)
Wands
 o - a wand of iceblast (7)
Scrolls
 e - 4 scrolls of teleportation
 j - 6 scrolls of remove curse
Potions
 d - 2 potions of might
 g - 3 potions of curing
 h - a potion of lignification {unknown}
 l - a potion of mutation
 m - 2 potions of haste {unknown}
 n - 2 potions of resistance
 t - 5 potions of flight
Comestibles
 c - 8 rations


   Skills:
 + Level 6.0 Fighting
 + Level 4.4 Axes
 + Level 6.0 Armour
 + Level 6.0 Shields


You had 7 spell levels left.
You didn't know any spells.
Your spell library was empty.

Dungeon Overview and Level Annotations

Branches:
Dungeon (6/15)             Temple (1/1) D:4

Altars:
Cheibriados
Elyvilon
Fedhas
Nemelex Xobeh
Ru
Sif Muna
Trog
Vehumet
Xom
Zin

Annotations:
D:3 3 runed translucent doors, shiningwizard's ghost, amateur DEAE


Innate Abilities, Weirdness & Mutations

You are resistant to torment.
Your stone body is resilient. (AC +5)
You are immune to poison.
You resist negative energy. (rN+)
You are resistant to electric shocks. (rElec)
You can survive without breathing.
You are immune to petrification.
You are immune to rotting.


Message History

The orc warrior hits you but does no damage.
Your shield and chain mail prevent you from hitting the orc warrior.
The orc warrior is lightly wounded.
The orc warrior hits you with a +0 glaive!
* * * LOW HITPOINT WARNING * * *
You hit the orc warrior.
The orc warrior is lightly wounded.
The orc warrior hits you with a +0 glaive.
* * * LOW HITPOINT WARNING * * *
You hit the orc warrior but do no damage.
The orc warrior is lightly wounded.
The orc warrior hits you but does no damage.
You closely miss the orc warrior.
The orc warrior is lightly wounded.
The orc warrior hits you with a +0 glaive.
* * * LOW HITPOINT WARNING * * *
You slash the orc warrior!
The orc warrior is heavily wounded.
The orc warrior hits you with a +0 glaive.
You die... ##################### ....[...........@oo.# ###################..# #

You could see an orc warrior and an orc.

Vanquished Creatures
  A water moccasin (D:5)
  A sky beast (D:5)
  An ice beast (D:5)
  A centaur (D:5)
  An ogre (D:4)
  2 howler monkeys
  A crimson imp (D:5)
  3 hounds (D:4)
  An orc wizard (D:4)
  Terence (D:3)
  An iguana (D:5)
  A worker ant (D:5)
  Robin (D:4)
  A gnoll (D:1)
  7 adders
  2 oozes
  An adder skeleton (D:4)
  A worm (D:3)
  2 dart slugs
  4 leopard geckos
  13 orcs
  5 giant cockroaches
  18 goblins
  14 hobgoblins
  11 jackals
  12 kobolds
  A ball python (D:4)
  4 bats
  3 frilled lizards (D:1)
  A leopard gecko skeleton (D:4)
  A quokka skeleton (D:4)
  12 rats
129 creatures vanquished.

Notes
Turn   | Place    | Note
-------+----------+-------------------------------------------
     0 | D:1      | Fang the Gargoyle Fighter began the quest for the Orb.
     0 | D:1      | Reached XP level 1. HP: 14/14 MP: 1/1
   103 | D:1      | Reached XP level 2. HP: 15/19 MP: 2/2
   296 | D:1      | Reached XP level 3. HP: 11/24 MP: 3/3
   895 | D:2      | Found a sacrificial altar of Ru.
  1019 | D:2      | Reached XP level 4. HP: 29/29 MP: 4/4
  1404 | D:3      | Noticed Terence
  1412 | D:3      | Killed Terence
  1418 | D:3      | Reached XP level 5. HP: 18/33 MP: 5/5
  1630 | D:3      | Noticed shiningwizard's ghost (amateur DEAE)
  1634 | D:3      | Found a runed translucent gate.
  1634 | D:3      | Found a runed translucent gate.
  1635 | D:3      | Found a runed translucent gate.
  2037 | D:3      | Reached XP level 6. HP: 29/39 MP: 6/6
  2246 | D:4      | Noticed Robin
  2266 | D:4      | Killed Robin
  2647 | D:4      | Found a staircase to the Ecumenical Temple.
  2656 | D:4      | Reached skill level 5 in Fighting
  2656 | D:4      | Reached skill level 5 in Shields
  2662 | D:4      | Reached skill level 5 in Armour
  2662 | D:4      | Reached XP level 7. HP: 43/44 MP: 7/7
  2679 | Temple   | Entered the Ecumenical Temple
  2693 | Temple   | Became a worshipper of Trog the Wrathful
  3061 | D:5      | Entered Level 5 of the Dungeon
  3661 | D:5      | Reached XP level 8. HP: 48/51 MP: 8/8
  3914 | D:6      | HP: 2/51 [orc warrior/+0 glaive (5)]
  3917 | D:6      | Slain by an orc warrior

Levels and vault maps discovered:
D:1:      lightli_iron_boxes, layout_rooms
D:2:      layout_basic, nicolae_ru_awakened_eye, first_ration,
          minmay_tree_intersection
D:3:      minmay_bubble_buster, layout_rooms, ebering_ghost_rock_garden,
          uniq_terence
D:4:      layout_loops_ring, minmay_temple_entry_waves,
          nicolae_underground_beach, uniq_robin
D:5:      layout_basic
D:6:      lemuel_ice_spiral_2, layout_basic, tgw_trog, uniq_edmund, uniq_pikel
Temple:   nicolae_temple_the_god_donut

Skill      XL: |  1  2  3  4  5  6  7  8 |
---------------+-------------------------+-----
Axes           | 2 3 4 |  4.4
Fighting       | 4 5 6 |  6.0
Armour         | 4 5 6 |  6.0
Shields        | 4 5 6 |  6.0

Action                   |  1- 3 |  4- 6 |  7- 9 || total
-------------------------+-------+-------+-------++-------
Melee: War axe           |   120 |   247 |   132 ||   499
  Use: Scroll            |       |    10 |     3 ||    13
  Eat: Chunk             |     1 |     6 |     4 ||    11
Armor: Scale mail        |    67 |    59 |       ||   126
       Chain mail        |       |   135 |   108 ||   243
Dodge: Dodged            |    39 |    83 |    37 ||   159
Block: Shield            |    92 |   183 |    93 ||   368
